 Dungeon Sprint DCSS version 0.17-a0-764-gd40c196 (webtiles) character file.

10100000 namelastname112 the Grand Master (level 27, -110/249 HPs)
             Began as a Demonspawn Monk on Apr 23, 2015.
             Was the Champion of Makhleb.
             Killed from afar by a wretched soul (134 damage)
             ... with a bolt of negative energy
             ... in the Dungeon (Sprint VIII: "Arena of Blood").
             The game lasted 00:02:17 (101 turns).

namelastname112 the Grand Master (Demonspawn Monk)   Turns: 101, Time: 00:02:17

Health: -110/249   AC:  8    Str: 14      XL:     27
Magic:  0/54       EV: 34    Int: 13      God:    Makhleb [******]
Gold:   0          SH:  0    Dex: 21 (25) Spells: 0 memorised, 80 levels left

rFire  . . .     SeeInvis +     i - +∞ Axe of Woe
rCold  . . .     Clarity  .     a - +0 robe
rNeg   . . .     SustAb   .     (no shield)
rPois  +         Gourm    .     (no helmet)
rElec  .         Spirit   +     (no cloak)
rCorr  .         Warding  .     (gloves unavailable)
rMut   .         NoTele   +     (no boots)
MR     ++...                    (no amulet)
Stlth  ++++++++++               (no ring)
                                j - ring of see invisible

@: heavily drained, very resistant to hostile enchantments, uncannily stealthy
A: claws 3, slimy green scales 3, nightstalker 3, augmentation 3, magic shield,
magic regeneration, magic link
a: Minor Destruction, Lesser Servant of Makhleb, Major Destruction, Greater
Servant of Makhleb, Renounce Religion


You were in the Dungeon.
You worshipped Makhleb.
Makhleb was exalted by your worship.
You were not hungry.

You visited 1 branch

Inventory:

Hand weapons
 i - the +∞ Axe of Woe (weapon)
   (You found it in the Dungeon)
Armour
 a - a +0 robe (worn)
Jewellery
 j - a ring of see invisible (left claw)
Scrolls
 h - a scroll of blinking
Potions
 c - a potion of curing
 d - a potion of heal wounds
 e - a potion of haste
 f - 2 potions of magic
 g - a potion of berserk rage
Comestibles
 b - a bread ration


   Skills:
 O Level 27(24.1) Fighting
 O Level 27(24.1) Axes
 O Level 27(24.1) Throwing
 O Level 27(24.1) Armour
 O Level 27(24.1) Dodging
 O Level 27(24.1) Stealth
 O Level 27(24.1) Unarmed Combat
 O Level 27(24.1) Spellcasting
 O Level 27(24.1) Invocations


You had 80 spell levels left.
You didn't know any spells.

Dungeon Overview and Level Annotations

Branches:
Dungeon (1/1)

Altars:
Makhleb


Innate Abilities, Weirdness & Mutations

You have claws for hands.
You are completely covered in slimy green scales (AC +4, rPois).
You are completely attuned to the shadows.
Your magical and physical power is greatly enhanced at high health.
When hurt, damage is shared between your health and your magic reserves.
You regenerate magic rapidly.
When low on magic, you restore magic in place of health.


Message History

The large abomination disappears in a puff of smoke! x2
The tentacled monstrosity disappears in a puff of smoke!
The large abomination disappears in a puff of smoke! x2
You hear a shout! x4
The accursed casts a spell at you. Something smites you!
You hear a shout! x4
Unknown command.
You hear a shout! x9
The wretched soul breathes negative energy at you.
The bolt of negative energy hits you!
You feel drained.
* * * LOW HITPOINT WARNING * * *
You hear a shout!
Unknown command.
Unknown command.
You hear a shout! x3
The wretched soul breathes negative energy at you.
The bolt of negative energy hits you!
You feel drained.
Ouch! That really hurt!
You die...

.#.%%....#.....#.....
§...#.§§))).._........
...%).§§.)C.###.......
...%)§)###)).o...###.
.....§...#.......#
...%.))..#.......#
#...§.)...%.§......
.#.#.)....W.......
.#...).)@§§M....
#.#..).)..†.o....
#...).#D..)....#
........)).†...#.
....##M#))......
...o...).)†.....
###....#..)..##
.......).....
......))....


You could see an accursed, an eight-headed meat hydra, a wretched soul
(invisible) and a bag of meat.

Vanquished Creatures
  3 hell beasts (D)
  4 greater mummies (D)
  2 wraiths (D)
  4 vampire knights (D)
  17 ogres (D)
  4 liches (D)
  5 hydras (D)
  36 orcs (D)
  3 phantoms (D)
  3 hill giants (D)
  4 skeletal warriors (D)
  A tentacled monstrosity (D)
  11 large abominations (D)
  2 small abominations (D)
  4 crawling corpses (D)
103 creatures vanquished.

Vanquished Creatures (others)
  A large abomination (D)
  3 crawling corpses (D)
4 creatures vanquished.

Grand Total: 107 creatures vanquished

Notes
Turn   | Place    | Note
--------------------------------------------------------------
     0 | D        | namelastname112, the Demonspawn Monk, began the quest for the Orb.
     0 | D        | Reached XP level 1. HP: 18/18 MP: 1/1
     3 | D        | Noticed a bag of meat
     4 | D        | Became a worshipper of Makhleb the Destroyer
     4 | D        | Acquired Makhleb's first power
     4 | D        | Acquired Makhleb's second power
     6 | D        | Noticed a bag of meat
     6 | D        | Noticed a bag of meat
     6 | D        | Noticed a bag of meat
     6 | D        | Noticed a meat berserker
     7 | D        | Killed a bag of meat
     7 | D        | Reached skill level 13 in Fighting
     7 | D        | Reached skill level 5 in Stealth
     7 | D        | Reached skill level 19 in Unarmed Combat
     7 | D        | Gained mutation: When hurt, damage is shared between your health and your magic reserves. [demonic ancestry]
     7 | D        | Reached XP level 2. HP: 21/41 MP: 2/2
     7 | D        | Gained mutation: You regenerate magic rapidly. [demonic ancestry]
     7 | D        | Reached XP level 3. HP: 24/47 MP: 3/3
     7 | D        | Reached XP level 4. HP: 27/54 MP: 4/4
     7 | D        | Gained mutation: You are partially covered in slimy green scales (AC +2). [demonic ancestry]
     7 | D        | Reached XP level 5. HP: 30/60 MP: 5/5
     7 | D        | Gained mutation: You are mostly covered in slimy green scales (AC +3). [demonic ancestry]
     7 | D        | Reached XP level 6. HP: 33/67 MP: 6/6
     7 | D        | Gained mutation: Your magical and physical power is slightly enhanced at high health. [demonic ancestry]
     7 | D        | Reached XP level 7. HP: 35/73 MP: 7/7
     7 | D        | Reached XP level 8. HP: 38/80 MP: 8/8
     7 | D        | Gained mutation: You are slightly more attuned to the shadows. [demonic ancestry]
     7 | D        | Reached XP level 9. HP: 40/86 MP: 9/9
     7 | D        | Gained mutation: You have sharp fingernails. [demonic ancestry]
     7 | D        | Reached XP level 10. HP: 43/93 MP: 10/10
     7 | D        | Reached XP level 11. HP: 45/99 MP: 11/11
     8 | D        | Killed a bag of meat
     8 | D        | Reached skill level 15 in Fighting
     8 | D        | Reached skill level 21 in Unarmed Combat
     8 | D        | Reached XP level 12. HP: 24/111 MP: 6/12
     8 | D        | Killed a bag of meat
     8 | D        | Acquired Makhleb's third power
     8 | D        | Reached skill level 1 in Axes
     8 | D        | Reached skill level 15 in Dodging
     8 | D        | Reached skill level 23 in Unarmed Combat
     8 | D        | Gained mutation: Your magical and physical power is enhanced at high health. [demonic ancestry]
     8 | D        | Reached XP level 13. HP: 77/120 MP: 6/13
     8 | D        | Noticed a bag of meat
     8 | D        | Noticed a bag of meat
     8 | D        | Noticed a bag of meat
     8 | D        | Noticed a bag of meat
     9 | D        | Noticed a meat berserker
     9 | D        | Killed a bag of meat
     9 | D        | Reached skill level 24 in Unarmed Combat
     9 | D        | Reached XP level 14. HP: 70/130 MP: 1/14
     9 | D        | Killed a meat berserker
     9 | D        | Acquired Makhleb's fourth power
     9 | D        | Reached skill level 26 in Unarmed Combat
     9 | D        | Reached XP level 15. HP: 136/141 MP: 1/15
    10 | D        | Noticed a bag of meat
    10 | D        | Noticed a bag of meat
    11 | D        | Noticed a bag of meat
    13 | D        | Noticed a bag of meat
    13 | D        | Noticed a bag of meat
    13 | D        | Killed a meat berserker
    13 | D        | Reached skill level 27 in Unarmed Combat
    14 | D        | Noticed a meat berserker
    14 | D        | Killed a bag of meat
    14 | D        | Reached XP level 16. HP: 140/158 MP: 2/16
    14 | D        | Killed a bag of meat
    14 | D        | Acquired Makhleb's fifth power
    14 | D        | Reached skill level 10 in Stealth
    14 | D        | Killed a bag of meat
    15 | D        | Noticed a meat berserker
    15 | D        | Noticed a meat berserker
    15 | D        | Noticed a bag of meat
    15 | D        | Killed a bag of meat
    15 | D        | Gained mutation: You are significantly more attuned to the shadows. [demonic ancestry]
    15 | D        | Reached XP level 17. HP: 130/173 MP: 2/17
    15 | D        | Killed a bag of meat
    15 | D        | Reached skill level 27 in Fighting
    15 | D        | Killed a bag of meat
    15 | D        | Reached skill level 27 in Dodging
    16 | D        | Killed a meat berserker
    16 | D        | Reached XP level 18. HP: 182/182 MP: 3/18
    16 | D        | Noticed a large bag of meat
    17 | D        | Noticed a meat berserker
    17 | D        | Killed a meat berserker
    17 | D        | Killed a bag of meat
    17 | D        | Reached skill level 27 in Axes
    17 | D        | Killed a meat berserker
    17 | D        | Reached XP level 19. HP: 189/189 MP: 3/19
    18 | D        | Noticed a bag of meat
    18 | D        | Killed a bag of meat
    18 | D        | Reached skill level 27 in Stealth
    19 | D        | Noticed a bag of meat
    20 | D        | Noticed a meat berserker
    20 | D        | Killed a bag of meat
    21 | D        | Noticed a meat berserker
    21 | D        | Killed a meat berserker
    21 | D        | Reached skill level 15 in Invocations
    22 | D        | Noticed a destroyer
    22 | D        | Noticed a bag of meat
    22 | D        | Noticed a destroyer
    22 | D        | Noticed a bag of meat
    23 | D        | Killed a meat berserker
    23 | D        | Gained mutation: You are completely attuned to the shadows. [demonic ancestry]
    23 | D        | Reached XP level 20. HP: 197/197 MP: 5/38
    25 | D        | Noticed a bag of meat
    25 | D        | Killed a large bag of meat
    25 | D        | Reached skill level 15 in Throwing
    25 | D        | Reached skill level 15 in Armour
    25 | D        | Reached skill level 15 in Spellcasting
    25 | D        | Killed a bag of meat
    25 | D        | Killed a meat berserker
    27 | D        | Killed a destroyer
    27 | D        | Reached skill level 27 in Invocations
    27 | D        | Reached XP level 21. HP: 204/204 MP: 5/45
    27 | D        | Killed a bag of meat
    27 | D        | Killed a bag of meat
    28 | D        | Killed a bag of meat
    29 | D        | Noticed a bag of meat
    29 | D        | Noticed a large bag of meat
    29 | D        | Noticed a bag of meat
    29 | D        | Noticed a bag of meat
    30 | D        | Noticed a meat berserker
    30 | D        | Killed a destroyer
    30 | D        | Gained mutation: You have very sharp fingernails. [demonic ancestry]
    30 | D        | Reached XP level 22. HP: 212/212 MP: 6/51
    30 | D        | Killed a bag of meat
    31 | D        | Noticed a sculptor of flesh
    31 | D        | Killed a bag of meat
    32 | D        | Killed a bag of meat
    32 | D        | Reached skill level 27 in Throwing
    32 | D        | Reached skill level 27 in Armour
    32 | D        | Reached skill level 27 in Spellcasting
    33 | D        | Killed a meat berserker
    33 | D        | Killed a bag of meat
    33 | D        | Gained mutation: You have claws for hands. [demonic ancestry]
    33 | D        | Reached XP level 23. HP: 219/219 MP: 8/54
    35 | D        | Killed a large bag of meat
    36 | D        | Noticed a large bag of meat
    38 | D        | Killed a sculptor of flesh
    38 | D        | Killed a bag of meat
    39 | D        | Noticed a destroyer
    39 | D        | Killed a large bag of meat
    40 | D        | Noticed a bag of meat
    40 | D        | Noticed a destroyer
    41 | D        | Noticed a meat berserker
    41 | D        | Noticed a bag of meat
    42 | D        | Noticed a meat berserker
    42 | D        | Killed a destroyer
    43 | D        | Noticed a meat berserker
    43 | D        | Noticed a bag of meat
    43 | D        | Killed a meat berserker
    43 | D        | Gained mutation: When low on magic, you restore magic in place of health. [demonic ancestry]
    43 | D        | Reached XP level 24. HP: 189/227 MP: 7/54
    44 | D        | Noticed a tyrant
    45 | D        | Killed a meat berserker
    45 | D        | Killed a destroyer
    45 | D        | Killed a bag of meat
    46 | D        | Noticed an eight-headed meat hydra
    47 | D        | Noticed a tyrant
    47 | D        | Killed a meat berserker
    47 | D        | Gained mutation: You are completely covered in slimy green scales (AC +4, rPois). [demonic ancestry]
    47 | D        | Reached XP level 25. HP: 234/234 MP: 8/54
    47 | D        | Killed a bag of meat
    47 | D        | Killed a bag of meat
    48 | D        | Noticed a sculptor of flesh
    49 | D        | Noticed an accursed
    49 | D        | Noticed a bag of meat
    50 | D        | Killed a nine-headed meat hydra
    50 | D        | Killed a tyrant
    51 | D        | Noticed a meat berserker
    52 | D        | Noticed a bag of meat
    52 | D        | Noticed a tyrant
    52 | D        | Noticed a bag of meat
    53 | D        | Killed a meat berserker
    55 | D        | Noticed a sculptor of flesh
    56 | D        | Noticed an accursed
    56 | D        | Killed a bag of meat
    56 | D        | Killed a bag of meat
    56 | D        | Noticed a meat beast
    57 | D        | Killed a bag of meat
    57 | D        | Reached XP level 26. HP: 242/242 MP: 7/54
    59 | D        | Killed a meat beast
    59 | D        | Killed a tyrant
    59 | D        | Killed an accursed
    59 | D        | Gained mutation: Your magical and physical power is greatly enhanced at high health. [demonic ancestry]
    59 | D        | Reached XP level 27. HP: 249/249 MP: 7/54
    61 | D        | Killed a tyrant
    61 | D        | Killed an accursed
    62 | D        | Killed a sculptor of flesh
    63 | D        | Noticed a meat berserker
    63 | D        | Noticed a meat berserker
    66 | D        | Noticed an accursed
    66 | D        | Killed a meat berserker
    66 | D        | Noticed a bag of meat
    67 | D        | Noticed a bag of meat
    68 | D        | Noticed a sculptor of flesh
    68 | D        | Killed a meat berserker
    69 | D        | Noticed a bag of meat
    69 | D        | Killed a sculptor of flesh
    70 | D        | Noticed an accursed
    72 | D        | Noticed a dread
    73 | D        | Killed a bag of meat
    73 | D        | Killed a bag of meat
    74 | D        | Killed an accursed
    75 | D        | Noticed a wretched soul
    76 | D        | Killed a bag of meat
    76 | D        | Killed an accursed
    78 | D        | Killed a sculptor of flesh
    79 | D        | Noticed a bag of meat
    80 | D        | Killed a dread
    81 | D        | Killed a wretched soul
    83 | D        | Noticed a bag of meat
    85 | D        | Noticed a meat berserker
    85 | D        | Noticed a meat berserker
    86 | D        | Noticed a bag of meat
    86 | D        | Noticed a meat beast
    86 | D        | Noticed a wretched soul
    86 | D        | Killed a bag of meat
    87 | D        | Noticed a bag of meat
    87 | D        | Killed a meat berserker
    87 | D        | Noticed a meat beast
    88 | D        | Noticed a dread
    88 | D        | Killed a meat berserker
    88 | D        | Killed a meat beast
    89 | D        | Noticed a bag of meat
    89 | D        | Noticed a wretched soul
    90 | D        | Noticed an accursed
    90 | D        | Killed a wretched soul
    90 | D        | Killed a meat beast
    92 | D        | Noticed a tyrant
    92 | D        | Killed a dread
    92 | D        | Killed a wretched soul
    92 | D        | Killed a bag of meat
    94 | D        | Killed a bag of meat
    95 | D        | Noticed an accursed
    95 | D        | Killed a bag of meat
    97 | D        | Noticed a bag of meat
    97 | D        | Killed a bag of meat
    98 | D        | Noticed a wretched soul
    99 | D        | Killed a tyrant
   101 | D        | Killed from afar by a wretched soul

Action                   |  1- 3 |  4- 6 |  7- 9 | 10-12 | 13-15 | 16-18 | 19-21 | 22-24 | 25-27 || total
-------------------------+-------+-------+-------+-------+-------+-------+-------+-------+-------++-------
Melee: Executioner's axe |     1 |       |       |     1 |     3 |     3 |     8 |    11 |    31 ||    58
